 Dungeon Crawl Stone Soup version 0.27.1-2-g3b301248ec (webtiles) character file.

Game seed: 6681310510617492737

53 Borgoz the Skirmisher (level 3, 0/24 HPs)
             Began as a Gargoyle Berserker on Sept 26, 2021.
             Was a Believer of Trog.
             Slain by a kobold (3 damage)
             ... on level 2 of the Dungeon.
             The game lasted 00:01:05 (2034 turns).

Borgoz the Skirmisher (Gargoyle Berserker)          Turns: 2034, Time: 00:01:05

Health: 0/24       AC:  6    Str: 21    XL:     3   Next: 89%
Magic:  3/3        EV: 12    Int:  7    God:    Trog [**....]
Gold:   22         SH:  0    Dex:  9    Spells: 2/2 levels left

rFire    . . .     SeeInvis .   a - +0 mace
rCold    . . .     Faith    .   (no shield)
rNeg     + . .     Spirit   .   b - +0 animal skin
rPois    ∞         Reflect  .   (no helmet)
rElec    +         Harm     .   (no cloak)
rCorr    .         Rampage  .   (no gloves)
Will     .....                  e - +0 pair of boots
Stlth    +.........             (no amulet)
HPRegen  0.08/turn              (no ring)
MPRegen  0.08/turn              (no ring)

@: on berserk cooldown
A: sickness immunity, AC +3, negative energy resistance 1, electricity
resistance, torment resistance 1, petrification resistance
a: Renounce Religion, Berserk, Trog's Hand


You were on level 2 of the Dungeon.
You worshipped Trog.
Trog was pleased with you.
You visited 1 branch of the dungeon, and saw 2 of its levels.

You collected 22 gold pieces.

Inventory:

Hand Weapons
 a - a +0 mace (weapon)
Armour
 b - a +0 animal skin (worn)
 e - a +0 pair of boots (worn)
Scrolls
 d - a scroll of identify {unknown}
 f - a scroll of teleportation {unknown}
Potions
 c - a potion of flight {unknown}


   Skills:
 + Level 3.8 Fighting
 + Level 3.4 Maces & Flails
 + Level 2.9 Armour
 + Level 2.1 Dodging


You had 2 spell levels left.
You didn't know any spells.
Your spell library was empty.

Dungeon Overview and Level Annotations

Branches:
Dungeon (2/15)

Altars:


Innate Abilities, Weirdness & Mutations

You are immune to sickness and miasma.
Your stone body is resilient. (AC +3)
You are immune to poison.
You resist negative energy. (rN+)
You are resistant to electric shocks. (rElec)
You are resistant to unholy torment.
You are immune to petrification.


Message History

* * * LOW HITPOINT WARNING * * *
The endoplasm hits you but does no damage.
You hit the endoplasm.
The endoplasm is moderately wounded.
The endoplasm barely misses you.
You hit the endoplasm but do no damage.
The endoplasm is moderately wounded.
The endoplasm closely misses you.
A red film seems to cover your vision as you go berserk!
You feel yourself moving faster!
You feel mighty! The endoplasm freezes you.
You are frozen.
* * * LOW HITPOINT WARNING * * *
You sock the endoplasm!
You feel the power of Trog in you as your rage grows.
You kill the endoplasm!
Trog accepts your kill.
You feel a strong urge to attack something.
You start resting.
You feel your anger nearly subside.
You start resting.
You are no longer berserk.
You are exhausted.
You feel yourself slow down.
You start resting.
A kobold comes into view. It is wielding a +0 dagger.
A kobold is nearby!
A kobold is nearby!
A kobold is nearby!
You are too injured to fight recklessly!
You are too injured to fight recklessly!
The kobold shouts!
You barely miss the kobold.
You feel yourself speed up. The kobold hits you but does no damage.
The kobold closely misses you.
You closely miss the kobold. The kobold hits you with a +0 dagger.
* * * LOW HITPOINT WARNING * * *
You barely miss the kobold. The kobold completely misses you.
The kobold hits you with a +0 dagger.
You die...

#........#.####..
...##......## # ......
...#<..#.....#####......
.....###.##.....#.......
...### #..##............
...# #...............
...# #...............
.>.# #.....#.<.......
...# #.......@.......
#.## #...†...K..#....
#.# #.........## . #.##
###.#........ #..#
##..#....#....
##.######..##..........
.(.....##.##...........
..........###...#......
.........## #...#....


You could see a kobold.

Vanquished Creatures
  An adder (D:2)
  2 worms (D:2)
  3 bats
  4 endoplasms
  2 giant cockroaches (D:1)
  4 hobgoblins
  3 jackals (D:2)
  A ball python (D:1)
  4 frilled lizards (D:1)
  5 goblins (D:1)
  5 kobolds (D:1)
  4 rats
38 creatures vanquished.

Vanquished Creatures (others)
  2 plants (D:1)
2 creatures vanquished.

Grand Total: 40 creatures vanquished

Notes
Turn   | Place    | Note
-------+----------+-------------------------------------------
     0 | D:1      | Borgoz the Gargoyle Berserker began the quest for the Orb.
     0 | D:1      | Reached XP level 1. HP: 14/14 MP: 1/1
   471 | D:1      | Reached XP level 2. HP: 15/19 MP: 2/2
   659 | D:1      | Found a faded altar of an unknown god.
  1154 | D:1      | Reached XP level 3. HP: 13/23 MP: 3/3
  1744 | D:2      | Reached ** piety under Trog
  2034 | D:2      | Slain by a kobold

Illustrated notes

Levels and vault maps discovered:
D:1:      minmay_arrival_loop, layout_loops_cross, serial_glass,
          glass_columns_c, glass_columns_a, dilly_ecumenical_altar_fadedgnrine
D:2:      layout_rooms

Skill      XL: |  1  2  3 |
---------------+----------+-----
Dodging        | 2 |  2.1
Fighting       | |  3.8
Maces & Flails | |  3.4
Armour         | |  2.9

Action                   || total
-------------------------++-------
Melee: Mace              ||   149
Invok: Berserk           ||     1
Armor: Animal skin       ||    61
Dodge: Dodged            ||   111
